 Dungeon Crawl Stone Soup version 0.29-a0-222-g5b244fca1f (webtiles) character file.

Game seed: 16769132988269787846

98 cyrus the Poker (level 4, 0/36 (37) HPs)
             Began as a Merfolk Fighter on Feb 27, 2022.
             Slain by Crazy Yiuf
             ... wielding a +3 quarterstaff of chaos
              (11 damage)
             ... on level 2 of the Dungeon.
             The game lasted 00:04:59 (4192 turns).

cyrus the Poker (Merfolk Fighter)                   Turns: 4192, Time: 00:04:59

HP:   0/36 (37)     AC:  6    Str: 16    XL:     4   Next: 71%
MP:   4/4           EV:  9    Int:  9    God:
Gold: 63            SH:  4    Dex: 13    Spells: 3/3 levels left

rFire   . . .      SeeInvis .   a - +0 trident
rCold   . . .      Faith    .   c - +0 buckler
rNeg    . . .      Spirit   .   b - +0 scale mail
rPois   .          Reflect  .   (no helmet)
rElec   .          Harm     .   (no cloak)
rCorr   .          Rampage  .   (no gloves)
Will    .....                   (no boots)
Stlth   ..........              (no amulet)
HPRegen 0.12/turn               (no ring)
MPRegen 0.09/turn               (no ring)

@: mighty, lightly drained
A: (nimble swimmer 2), mertail
a: no special abilities


You were on level 2 of the Dungeon.
You visited 1 branch of the dungeon, and saw 2 of its levels.

You collected 63 gold pieces.

Inventory:

Hand Weapons
 a - a +0 trident (weapon)
Missiles
 e - 4 poisoned darts (quivered)
Armour
 b - a +0 scale mail (worn)
 c - a +0 buckler (worn)
Scrolls
 g - 4 scrolls of summoning {unknown}
 j - 2 scrolls of brand weapon {unknown}
 k - a scroll of enchant weapon {unknown}
 l - 2 scrolls of blinking {unknown}
Potions
 f - 2 potions of flight {unknown}
 h - 2 potions of heal wounds {unknown}
 i - a potion of magic {unknown}


   Skills:
 + Level 3.7 Fighting
 + Level 4.3 Polearms
 + Level 2.7 Armour
 + Level 1.2 Dodging
 + Level 0.6 Stealth
 + Level 3.3 Shields


You had 3 spell levels left.
You didn't know any spells.
Your spell library contained the following spells:

 Spells                   Type           Power      Damage    Failure   Level
 Ensorcelled Hibernation  Hex/Ice        0%         N/A       96%         2
 Passwall                 Tmut/Erth      0%         N/A       96%         2
 Swiftness                Air            0%         N/A       99%         3
 Summon Forest            Summ/Tloc      0%         N/A       100%        5
 Summon Mana Viper        Hex/Summ       0%         N/A       100%        5
 Summon Cactus Giant      Summ           0%         N/A       100%        6


Dungeon Overview and Level Annotations

Branches:
Dungeon (2/15)

Altars:
Uskayaw

Annotations:
D:2 Crazy Yiuf


Innate Abilities, Weirdness & Mutations

((You are very nimble when in or above water. (Stealth+, EV+, Speed+++)))
Your lower body shifts to a powerful aquatic tail in water.


Message History

You hit the giant cockroach but do no damage.
The giant cockroach is almost dead.
The giant cockroach misses you. The giant cockroach barely misses you.
You barely miss the giant cockroach.
The giant cockroach is almost dead.
The giant cockroach closely misses you.
You barely miss the giant cockroach.
The giant cockroach is almost dead.
The giant cockroach bites you but does no damage.
A giant cockroach is nearby!
You barely miss the giant cockroach.
The giant cockroach is almost dead.
The giant cockroach bites you but does no damage.
The giant cockroach barely misses you.
You puncture the giant cockroach!
You kill the giant cockroach!
You see here a giant cockroach corpse.
Found 12 stones.
You see here 12 stones.
Found a mace.
Found a runed translucent door.
Crazy Yiuf shouts!
You open the door.
You feel very mighty all of a sudden.
Crazy Yiuf hits you with a +3 quarterstaff of chaos!
You puncture Crazy Yiuf!
Crazy Yiuf is heavily wounded.
Crazy Yiuf hits you with a +3 quarterstaff of chaos.
You feel drained.
You closely miss Crazy Yiuf.
Crazy Yiuf is heavily wounded.
Crazy Yiuf hits you with a +3 quarterstaff of chaos.
You are electrocuted!
* * * LOW HITPOINT WARNING * * *
You barely miss Crazy Yiuf.
Crazy Yiuf is heavily wounded.
Crazy Yiuf barely misses you.
You barely miss Crazy Yiuf.
Crazy Yiuf is moderately wounded.
Crazy Yiuf hits you with a +3 quarterstaff of chaos!
You die...

#.## #.##
#######...
#......#.#
#.#####.##
####### #.# #...
###...#.### ###
#.# #>..
##......#..##...#
#.# #...
#......####@g...#
### #...
##..#..## ###..)#
#... #..##### ###
##### #... #.##
#...# #... #.#
###.# #... #.#
#.###### #.#
##..##### #.#
#......##
#####.##
#........


You could see Crazy Yiuf.

Vanquished Creatures
  3 adders (D:2)
  A worm (D:2)
  2 dart slugs (D:2)
  A ball python (D:1)
  5 bats
  8 endoplasms
  6 giant cockroaches
  5 goblins
  6 hobgoblins
  4 jackals (D:1)
  4 kobolds
  3 quokkas (D:1)
  4 frilled lizards
  4 rats
56 creatures vanquished.

Notes
Turn   | Place    | Note
-------+----------+-------------------------------------------
     0 | D:1      | cyrus the Merfolk Fighter began the quest for the Orb.
     0 | D:1      | Reached XP level 1. HP: 18/18 MP: 1/1
   209 | D:1      | Reached skill level 3 in Polearms
   209 | D:1      | Reached XP level 2. HP: 16/24 MP: 2/2
   465 | D:1      | Found a faded altar of an unknown god.
   494 | D:1      | Prayed at the altar of an unknown god.
   494 | D:1      | Became a worshipper of Uskayaw the Reveller
   494 | D:1      | Reached * piety under Uskayaw
   669 | D:1      | Reached ** piety under Uskayaw
   808 | D:1      | Reached XP level 3. HP: 28/29 MP: 3/3
  1930 | D:1      | Fell from the grace of Uskayaw
  3082 | D:2      | Reached skill level 4 in Polearms
  3134 | D:2      | Reached XP level 4. HP: 27/36 MP: 4/4
  3207 | D:2      | Reached skill level 1 in Dodging
  4183 | D:2      | Found a runed translucent door.
  4184 | D:2      | Noticed Crazy Yiuf
  4192 | D:2      | Slain by Crazy Yiuf

Illustrated notes

Levels and vault maps discovered:
D:1:      psy_arrival_radial01, layout_basic, basic_ecumenical_altar,
          st_stairs_8
D:2:      layout_loops_cross, uniq_crazy_yiuf_cottage

Skill      XL: |  1  2  3  4 |
---------------+-------------+-----
Polearms       | 3 4 |  4.3
Dodging        | 1 |  1.2
Fighting       | |  3.7
Armour         | |  2.7
Stealth        | |  0.6
Shields        | |  3.3

Action                   |  1- 3 |  4- 6 || total
-------------------------+-------+-------++-------
Melee: Trident           |   156 |    64 ||   220
Invok: Stomp             |     2 |       ||     2
       Renounce Religion |     1 |       ||     1
  Use: Potion            |       |     1 ||     1
Armor: Scale mail        |    82 |    43 ||   125
Dodge: Dodged            |    79 |    48 ||   127
Block: Buckler           |    34 |    17 ||    51

Table legend: (Time is in decaauts)
 A = Elapsed time spent in this place.
 B = Non-inter-level travel time spent in this place.
 C = Inter-level travel time spent in this place.
 D = Time resting spent in this place.
 E = Time spent auto-exploring this place.
 F = Levels seen in this place.
 G = Mean time per level.
                   A        B        C        D        E       F      G
               +--------+--------+--------+--------+--------+-----+--------+
         Total |   4225 |   4213 |     12 |   2158 |   1450 |   2 | 2112.5 |
       Dungeon |   4225 |   4213 |     12 |   2158 |   1450 |   2 | 2112.5 |
               +--------+--------+--------+--------+--------+-----+--------+

Top non-repeatable levels by time:
     D:2: 2266 daAuts
     D:1: 1959 daAuts
